 Dungeon Crawl Stone Soup version 0.28.0-53-g5a82cb258f (webtiles) character file.

Game seed: 7139361731718769900

148 SanguineChosen the Slasher (level 5, -11/42 (44) HPs)
             Began as a Palentonga Berserker on June 18, 2022.
             Was a Believer of Trog.
             Killed from afar by a steam dragon (14 damage)
             ... with a ball of steam
             ... on level 6 of the Dungeon.
             The game lasted 00:12:50 (2797 turns).

SanguineChosen the Slasher (Palentonga Berserker)   Turns: 2797, Time: 00:12:53

HP:   -11/42 (44)   AC:  4    Str: 23    XL:     5   Next: 8%
MP:   5/5           EV: 10    Int:  7    God:    Trog [**....]
Gold: 142           SH:  0    Dex:  9    Spells: 4/4 levels left

rFire   . . .      SeeInvis +   a - +0 falchion
rCold   . . .      Faith    .   (no shield)
rNeg    + . .      Spirit   .   b - +0 animal skin
rPois   .          Reflect  .   (no helmet)
rElec   .          Harm     .   (no cloak)
rCorr   .          Rampage  .   (no gloves)
Will    .....                   (no barding)
Stlth   +.........              (no amulet)
HPRegen 0.14/turn               c - ring of positive energy
MPRegen 0.09/turn               (no ring)

@: lightly drained
A: large, rugged brown scales 3, see invisible, deformed body, roll 1, armoured
tail
a: Rolling Charge, Renounce Religion, Berserk, Trog's Hand


You were on level 6 of the Dungeon.
You worshipped Trog.
Trog was pleased with you.
You visited 1 branch of the dungeon, and saw 4 of its levels.

You collected 142 gold pieces.

Inventory:

Hand Weapons
 a - a +0 falchion (weapon)
Armour
 b - a +0 animal skin (worn)
 d - a scarf of shadows
Jewellery
 c - a ring of positive energy (left hand)
Scrolls
 f - a scroll of blinking
 g - a scroll of enchant weapon {unknown}
 k - a scroll of teleportation
Potions
 e - a potion of lignification
 h - a potion of flight {unknown}
 i - a potion of berserk rage
 l - 2 potions of attraction {unknown}


   Skills:
 + Level 3.8 Fighting
 + Level 4.5 Long Blades
 + Level 1.8 Armour
 + Level 2.4 Dodging
 + Level 0.2 Stealth


You had 4 spell levels left.
You didn't know any spells.
Your spell library was empty.

Dungeon Overview and Level Annotations

Branches:
Dungeon (3/15)

Altars:


Innate Abilities, Weirdness & Mutations

You are completely covered in rugged brown scales. (AC +3, +7% HP)
You have supernaturally acute eyesight. (SInv)
Armour fits poorly on your strangely shaped body.
You can roll at nearby foes to attack.
You have a long armoured tail.


Message History

You are too injured to fight recklessly!
You are too injured to fight recklessly!
You are too injured to fight recklessly!
You are too injured to fight recklessly!
You are too injured to fight recklessly!
You are too injured to fight recklessly!
You are too injured to fight recklessly!
You are too injured to fight recklessly!
You are too injured to fight recklessly!
You are too injured to fight recklessly!
You are too injured to fight recklessly!
Unknown command.
You hit the necrophage.
The necrophage is lightly damaged.
The necrophage is engulfed in a cloud of scalding steam.
The necrophage hits you.
* * * LOW HITPOINT WARNING * * *
You partially resist.
You feel drained.
An ufetubus comes into view.
The steam dragon bites you but does no damage.
The steam dragon barely misses you.
Blink to where?
Press: ? - help, Dir - move target
Okay, then.
You hit the steam dragon.
Your tail-slap misses the steam dragon.
The steam dragon is lightly wounded.
The necrophage is engulfed in a cloud of scalding steam.
The necrophage hits you.
* * * LOW HITPOINT WARNING * * *
The steam dragon closely misses you. The steam dragon misses you.
An orc comes into view.
It is wielding a +1 flail of protection.
An orc comes into view. It is wielding a +0 hand axe.
You slash the steam dragon!
The steam dragon is heavily wounded.
The necrophage hits you.
* * * LOW HITPOINT WARNING * * *
An iguana comes into view.
The steam dragon breathes steam at you. The ball of steam hits you!
You die...

...o.o #..# #.#.# ......
#..#####.#.#
l.....####.... ..#.#
#.........". ...#
##.5....##.# #..#
......h....# #..#
........D#.#######..####
#....@nh..............
#.....##.#############
#.######.# # #.# #.# #.#
#.# ...


You could see a steam dragon (catching breath), a black bear, a necrophage, an
iguana (wandering), a hound, 2 orcs and an ufetubus.

Vanquished Creatures
  A hound (D:3)
  6 adders (D:2)
  2 dart slugs (D:2)
  7 endoplasms
  A giant cockroach (D:1)
  9 goblins
  4 hobgoblins (D:1)
  3 jackals (D:2)
  5 kobolds
  3 quokkas
  7 ball pythons
  3 bats
  2 frilled lizards
  3 rats
56 creatures vanquished.

Notes
Turn   | Place    | Note
-------+----------+-------------------------------------------
     0 | D:1      | SanguineChosen the Palentonga Berserker began the quest for
                  | the Orb.
     0 | D:1      | Reached XP level 1. HP: 19/19 MP: 1/1
   149 | D:1      | Reached XP level 2. HP: 13/25 MP: 2/2
   737 | D:1      | Reached ** piety under Trog
   909 | D:1      | Found a faded altar of an unknown god.
   921 | D:1      | Reached XP level 3. HP: 31/31 MP: 3/3
  1651 | D:2      | Reached XP level 4. HP: 35/38 MP: 4/4
  1711 | D:2      | Reached skill level 4 in Long Blades
  2584 | D:3      | Reached XP level 5. HP: 38/44 MP: 5/5
  2686 | D:3      | You fall into a shaft and drop 3 floors!
  2729 | D:6      | Noticed a necrophage
  2781 | D:6      | Noticed a black bear
  2791 | D:6      | Noticed a steam dragon
  2797 | D:6      | Killed from afar by a steam dragon

Illustrated notes

Levels and vault maps discovered:
D:1:      dpeg_arrival_central, layout_basic, ebering_ecumenical_altar_abandoned
D:2:      layout_basic, minmay_octomino_j4
D:3:      layout_loops_ring, st_stairs_1
D:6:      layout_loops_ring

Skill      XL: |  1  2  3  4 |
---------------+-------------+-----
Dodging        | 2 |  2.4
Long Blades    | 4 |  4.5
Fighting       | |  3.8
Armour         | |  1.8
Stealth        | |  0.2

Action                   |  1- 3 |  4- 6 || total
-------------------------+-------+-------++-------
Melee: Falchion          |    78 |    66 ||   144
       Tailslap          |     8 |     3 ||    11
       Punch             |       |     1 ||     1
 Abil: Rolling Charge    |    15 |    13 ||    28
  Use: Scroll            |       |     4 ||     4
Armor: Animal skin       |    35 |    13 ||    48
Dodge: Dodged            |    63 |    37 ||   100
